 Dungeon Crawl Stone Soup version 0.28-a0-1087-gf3fc490d9d (webtiles) character file.

Game seed: 9341388526382866700

308 bearlyready the Vexing (level 6, 0/70 HPs)
             Began as a Gnoll Arcane Marksman on Dec 10, 2021.
             Slain by a wyvern zombie (6 damage)
             ... on level 5 of the Dungeon.
             The game lasted 00:15:31 (5414 turns).

bearlyready the Vexing (Gnoll Arcane Marksman)      Turns: 5414, Time: 00:15:32

Health: 0/70       AC: 23    Str: 11    XL:     6   Next: 40%
Magic:  11/11      EV:  2    Int: 12    God:
Gold:   150        SH:  4    Dex: 13    Spells: 10/11 levels left

rFire   . . .      SeeInvis .   o - +0 rapier
rCold   . . .      Faith    .   l - +0 buckler
rNeg    . . .      Spirit   .   (armour currently unavailable)
rPois   +          Reflect  .   (helmet currently unavailable)
rElec   .          Harm     .   (cloak currently unavailable)
rCorr   .          Rampage  .   (gloves currently unavailable)
Will    .....      NoTele   +   (boots currently unavailable)
Stlth   ++........              g - amulet of regeneration
HPRegen 1.01/turn               (no ring)
MPRegen 0.12/turn               (no ring)

@: tree-form
A: stationary, stasis, torment immunity, boosted hp, (fangs 1), strong nose,
distributed training
a: no special abilities


You were on level 5 of the Dungeon.
You were a tree.
You visited 1 branch of the dungeon, and saw 5 of its levels.

You collected 190 gold pieces.
You spent 40 gold pieces at shops.

Inventory:

Hand Weapons
 a - a +0 hand crossbow
 b - a +0 short sword
 e - a +0 hunting sling
 k - a +0 shortbow
 o - a +0 rapier (weapon)
 r - a +0 long sword
 s - a +0 dagger of venom
Missiles
 c - 41 bolts
 f - 53 stones (quivered)
 j - 77 arrows
 q - 32 sling bullets
Armour
 d - a +0 robe (melded)
 l - a +0 buckler (worn)
Jewellery
 g - an amulet of regeneration (around neck)
Scrolls
 h - a scroll of enchant armour {unknown}
 i - a scroll of teleportation {unknown}
 m - a scroll of vulnerability
 p - 2 scrolls of identify


   Skills:
 + Level 3.2 Fighting
 + Level 2.0 Short Blades
 + Level 2.0 Long Blades
 + Level 2.0 Axes
 + Level 2.0 Maces & Flails
 + Level 2.0 Polearms
 + Level 2.0 Staves
 + Level 2.0 Slings
 + Level 2.0 Bows
 + Level 5.0 Crossbows
 + Level 2.0 Throwing
 + Level 2.0 Armour
 + Level 5.0 Dodging
 + Level 2.0 Stealth
 + Level 2.0 Shields
 + Level 2.0 Unarmed Combat
 + Level 3.4 Spellcasting
 + Level 1.5 Conjurations
 + Level 5.6 Hexes
 + Level 1.5 Summonings
 + Level 1.5 Necromancy
 + Level 1.5 Translocations
 + Level 1.5 Transmutations
 + Level 1.5 Fire Magic
 + Level 1.5 Ice Magic
 + Level 1.5 Air Magic
 + Level 1.5 Earth Magic
 + Level 1.5 Poison Magic
 + Level 2.1 Invocations
 + Level 2.0 Evocations


You had 10 spell levels left.
You knew the following spells:

 Your Spells              Type           Power      Damage    Failure   Level
a - Slow                  Hex            60%        N/A       3%          1

Your spell library contained the following spells:

 Spells                   Type           Power      Damage    Failure   Level
 Inner Flame              Hex/Fire       10%        N/A       21%         3
 Portal Projectile        Hex/Tloc       20%        N/A       21%         3
 Cause Fear               Hex            7%         N/A       28%         4


Dungeon Overview and Level Annotations

Branches:
Dungeon (5/15)
 Temple: D:4-7

Altars:
Ru
Xom
Zin
Lugonu

Shops:
D:2 ?   D:4 [

Portals:
Abyss: D:4


Innate Abilities, Weirdness & Mutations

You are a tree.
Your roots penetrate the ground, keeping you stationary.
You cannot be teleported.
You are immune to unholy pain and torment.
Your maximum health is greatly increased.
Your equipment is partially melded.
((You have very sharp teeth.))
Your uncanny sense of smell can sniff out nearby items.
Your experience applies equally to all skills.


Message History

The orc is almost dead.
The orc hits you but does no damage.
You closely miss the orc.
The orc is almost dead.
The orc hits you but does no damage.
You hit the orc but do no damage.
The orc is almost dead.
The orc hits you but does no damage.
You barely miss the orc.
The orc is almost dead.
The orc hits you with a +0 short sword.
* * * LOW HITPOINT WARNING * * *
You closely miss the orc.
The orc is almost dead.
The orc hits you but does no damage.
You hit the orc.
You kill the orc!
You puncture the wyvern zombie!
The wyvern zombie is moderately damaged.
The wyvern zombie bites you but does no damage.
The wyvern zombie bites you.
* * * LOW HITPOINT WARNING * * *
You hit the wyvern zombie.
The wyvern zombie is moderately damaged.
The wyvern zombie completely misses you.
You hit the wyvern zombie.
The wyvern zombie is heavily damaged.
The wyvern zombie bites you.
* * * LOW HITPOINT WARNING * * *
The wyvern zombie bites you.
* * * LOW HITPOINT WARNING * * *
You hit the wyvern zombie but do no damage.
The wyvern zombie is heavily damaged.
The wyvern zombie bites you!
* * * LOW HITPOINT WARNING * * *
You hit the wyvern zombie but do no damage.
The wyvern zombie is heavily damaged.
The wyvern zombie bites you but does no damage.
The wyvern zombie bites you.
You die...

∆ #.∆ ∆ #. ∆
.. .##
.Z./.#....#
#Z#..#....###
#Z##.#......
#♣##.#....#
####....#....#
∆
#.......+....#
#.......#....#
#.......)<#
#.......###
#########


You could see a wyvern zombie, an adder skeleton and a bullfrog skeleton.

Vanquished Creatures
  A phantom (D:3)
  An orc priest (D:3)
  An orc wizard (D:2)
  7 adders
  A shadow imp (D:5)
  2 adder skeletons (D:4)
  4 worms
  3 dart slugs
  7 orcs
  9 endoplasms
  3 giant cockroaches
  6 goblins
  3 hobgoblins
  5 jackals
  7 kobolds
  2 quokkas
  11 ball pythons
  6 bats
  3 frilled lizards
  5 rats
  A lurking horror (D:4)
88 creatures vanquished.

Vanquished Creatures (others)
  A bullfrog (D:4)
  A lurking horror (D:4)
2 creatures vanquished.

Grand Total: 90 creatures vanquished

Notes
Turn   | Place    | Note
-------+----------+-------------------------------------------
     0 | D:1      | bearlyready the Gnoll Arcane Marksman began the quest for
                  | the Orb.
     0 | D:1      | Reached XP level 1. HP: 17/17 MP: 4/4
   211 | D:1      | Reached XP level 2. HP: 17/23 MP: 5/5
   918 | D:1      | Found a faded altar of an unknown god.
   973 | D:1      | Reached XP level 3. HP: 11/28 MP: 7/7
  1655 | D:2      | Reached skill level 1 in Invocations
  1788 | D:2      | HP: 1/28 [goblin (3)]
  1789 | D:2      | Reached skill level 1 in Short Blades
  1789 | D:2      | Reached skill level 1 in Long Blades
  1789 | D:2      | Reached skill level 1 in Axes
  1789 | D:2      | Reached skill level 1 in Maces & Flails
  1789 | D:2      | Reached skill level 1 in Polearms
  1789 | D:2      | Reached skill level 1 in Staves
  1789 | D:2      | Reached skill level 1 in Slings
  1789 | D:2      | Reached skill level 1 in Bows
  1789 | D:2      | Reached skill level 1 in Throwing
  1789 | D:2      | Reached skill level 1 in Armour
  1789 | D:2      | Reached skill level 1 in Stealth
  1789 | D:2      | Reached skill level 1 in Shields
  1789 | D:2      | Reached skill level 1 in Unarmed Combat
  1789 | D:2      | Reached skill level 1 in Evocations
  1939 | D:2      | Reached XP level 4. HP: 15/34 MP: 8/8
  2152 | D:2      | Found Pehaf's Magic Scroll Boutique.
  2155 | D:2      | Bought a scroll of identify for 20 gold pieces
  2156 | D:2      | Bought a scroll of identify for 20 gold pieces
  3012 | D:2      | Reached skill level 1 in Conjurations
  3012 | D:2      | Reached skill level 1 in Summonings
  3012 | D:2      | Reached skill level 1 in Necromancy
  3012 | D:2      | Reached skill level 1 in Translocations
  3012 | D:2      | Reached skill level 1 in Transmutations
  3012 | D:2      | Reached skill level 1 in Fire Magic
  3012 | D:2      | Reached skill level 1 in Ice Magic
  3012 | D:2      | Reached skill level 1 in Air Magic
  3012 | D:2      | Reached skill level 1 in Earth Magic
  3012 | D:2      | Reached skill level 1 in Poison Magic
  3402 | D:2      | Found a glowing silver altar of Zin.
  3783 | D:2      | Reached XP level 5. HP: 7/40 MP: 9/9
  4772 | D:4      | Found a corrupted altar of Lugonu.
  4774 | D:4      | Found a one-way gate to the infinite horrors of the Abyss.
  4851 | D:4      | Noticed a phantom
  4852 | D:4      | Found a shimmering altar of Xom.
  4884 | D:3      | Killed a phantom
  4885 | D:3      | Reached XP level 6. HP: 11/47 MP: 9/11
  5143 | D:4      | Found Kaxzith's Armour Shop.
  5318 | D:4      | Reached skill level 5 in Crossbows
  5318 | D:4      | Reached skill level 5 in Dodging
  5327 | D:4      | Found a sacrificial altar of Ru.
  5339 | D:5      | Entered Level 5 of the Dungeon
  5394 | D:5      | HP: 1/47 [wyvern zombie (12)]
  5414 | D:5      | Slain by a wyvern zombie

Illustrated notes

Levels and vault maps discovered:
D:1:      minmay_arrival_open_corners, layout_basic,
          shapermc_ecumenical_altar_notcrosses
D:2:      layout_basic, serial_shops, nicolae_shop_behind_doors, basic_altar
D:3:      layout_loops_ring, minmay_misc_feat_doors,
          chequers_hall_statues_corner_a, nicolae_underground_beach
D:4:      layout_layer_cave, xom_confusion_cloud, mainiacjoe_overflow_brackets,
          ebering_ghost_gozag, serial_shops, shop, shop_fountains, shop,
          amcnicky_altar_lugonu_corruption, uniq_crazy_yiuf_cottage
D:5:      layout_basic, minmay_misc_feat_x, minmay_misc_feat_pillars,
          columned_hall_lemuel, minmay_bent, uniq_ijyb, uniq_eustachio,
          uniq_edmund

Skill      XL: |  1  2  3  4  5  6 |
---------------+-------------------+-----
Invocations    | 1 2 |  2.1
Short Blades   | 1 2 |  2.0
Long Blades    | 1 2 |  2.0
Axes           | 1 2 |  2.0
Maces & Flails | 1 2 |  2.0
Polearms       | 1 2 |  2.0
Staves         | 1 2 |  2.0
Slings         | 1 2 |  2.0
Bows           | 1 2 |  2.0
Throwing       | 1 2 |  2.0
Armour         | 1 2 |  2.0
Stealth        | 1 2 |  2.0
Shields        | 1 2 |  2.0
Unarmed Combat | 1 2 |  2.0
Evocations     | 1 2 |  2.0
Spellcasting   | 3 |  3.4
Conjurations   | 1 |  1.5
Summonings     | 1 |  1.5
Necromancy     | 1 |  1.5
Translocations | 1 |  1.5
Transmutations | 1 |  1.5
Fire Magic     | 1 |  1.5
Ice Magic      | 1 |  1.5
Air Magic      | 1 |  1.5
Earth Magic    | 1 |  1.5
Poison Magic   | 1 |  1.5
Fighting       | 3 |  3.2
Crossbows      | 5 |  5.0
Dodging        | 5 |  5.0
Hexes          | |  5.6

Action                   |  1- 3 |  4- 6 || total
-------------------------+-------+-------++-------
Melee: Short sword       |   130 |   273 ||   403
       Bite              |    11 |    19 ||    30
       Dagger            |       |    20 ||    20
       Rapier            |       |    29 ||    29
 Fire: Hand crossbow     |    24 |    30 ||    54
Throw: Stone             |       |     6 ||     6
  Use: Potion            |     1 |     5 ||     6
       Scroll            |       |     3 ||     3
 Stab: Sleeping          |       |     3 ||     3
       Distracted        |       |     1 ||     1
Armor: Robe              |    19 |    61 ||    80
       Skin              |       |    13 ||    13
Dodge: Dodged            |    95 |   259 ||   354
Block: Buckler           |       |    52 ||    52

Table legend: (Time is in decaauts)
 A = Elapsed time spent in this place.
 B = Non-inter-level travel time spent in this place.
 C = Inter-level travel time spent in this place.
 D = Time resting spent in this place.
 E = Time spent auto-exploring this place.
 F = Levels seen in this place.
 G = Mean time per level.
                   A        B        C        D        E       F      G
               +--------+--------+--------+--------+--------+-----+--------+
         Total |   5456 |   5303 |    153 |    273 |   3889 |   5 | 1091.2 |
       Dungeon |   5456 |   5303 |    153 |    273 |   3889 |   5 | 1091.2 |
               +--------+--------+--------+--------+--------+-----+--------+

Top non-repeatable levels by time:
     D:2: 2114 daAuts
     D:1: 1592 daAuts
     D:3: 1025 daAuts
     D:4: 645 daAuts
     D:5: 78 daAuts
